 Dungeon Crawl Stone Soup version 0.24-a0-459-g225fefd530 (webtiles) character file.

Game seed: 1267461575775804852

1309 Acheron the Skirmisher (level 8, -1/51 HPs)
             Began as a Gargoyle Fighter on June 28, 2019.
             Was a Believer of Okawaru.
             Killed from afar by a centaur (14 damage)
             ... with a bolt of acid
             ... on level 8 of the Dungeon.
             The game lasted 00:22:58 (4119 turns).

Acheron the Skirmisher (Gargoyle Fighter)           Turns: 4119, Time: 00:22:59

Health: -1/51      AC:  9    Str: 21    XL:     8   Next: 58%
Magic:  21/21      EV:  8    Int:  9    God:    Okawaru [**....]
Gold:   238        SH: 10    Dex: 10    Spells: 12/12 levels left

rFire    + . .     SeeInvis .   a - +2 war axe (chop)
rCold    . . .     Gourm    .   c - +0 shield
rNeg     + . .     Faith    .   b - +0 scale mail
rPois    ∞         Spirit   .   n - +1 hat
rElec    +         Reflect  .   (no cloak)
rCorr    .         Harm     .   (no gloves)
MR       .....                  (no boots)
Stlth    +.........             (no amulet)
HPRegen  0.17/turn              s - ring of protection from fire
MPRegen  0.17/turn              g - ring of magical power

@: corroded
A: negative energy resistance 1, electricity resistance, unbreathing,
petrification resistance, rot immunity, AC +5
a: Heroism, Renounce Religion


You were on level 8 of the Dungeon.
You worshipped Okawaru.
Okawaru was pleased with you.
You were not hungry.

You visited 1 branch of the dungeon, and saw 8 of its levels.

You collected 238 gold pieces.

Inventory:

Hand Weapons
 a - a +2 war axe of chopping (weapon)
 x - a +2 whip of electrocution
   (You took it off an orc on level 6 of the Dungeon)
 B - a +3 shortbow
   (You took it off a centaur on level 7 of the Dungeon)
Missiles
 h - 184 stones
 j - 69 sling bullets
 o - 4 atropa-tipped darts
 q - 2 boomerangs (quivered)
Armour
 b - a +0 scale mail (worn)
 c - a +0 shield (worn)
 n - a +1 hat (worn)
   (You found it on level 3 of the Dungeon)
 A - a +2 helmet
   (You found it on level 6 of the Dungeon)
Magical Staves
 C - an uncursed staff of poison {unknown}
   (You found it on level 7 of the Dungeon)
Jewellery
 g - a ring of magical power (right hand)
   (You found it on level 2 of the Dungeon)
 s - a ring of protection from fire (left hand)
   (You found it on level 3 of the Dungeon)
 u - an uncursed amulet of magic regeneration {unknown}
   (You found it on level 5 of the Dungeon)
Wands
 y - a wand of random effects (18)
   (You found it on level 6 of the Dungeon)
 D - a wand of polymorph (4)
   (You found it on level 7 of the Dungeon)
Scrolls
 f - 7 scrolls of teleportation {@r4}
 k - 2 scrolls of remove curse {@r2}
 v - a scroll of fog
Potions
 d - a potion of might
 i - a potion of lignification {!q}
 l - 2 potions of curing {@q1}
 m - a potion of magic
 p - 2 potions of resistance {unknown}
 r - 2 potions of flight
 t - 2 potions of agility {unknown}
Comestibles
 e - 6 rations {!d}
 z - 7 chunks of flesh


   Skills:
 * Level 6.2 Fighting
 + Level 3.4 Axes
 + Level 2.7 Throwing
 + Level 4.9 Armour
 * Level 2.5 Dodging
 * Level 3.6 Stealth
 * Level 4.9 Shields
 + Level 2.7 Spellcasting
 * Level 0.1 Invocations
 + Level 0.1 Evocations


You had 12 spell levels left.
You didn't know any spells.
Your spell library contained the following spells:

 Spells                   Type           Power        Failure   Level  Hunger
 Flame Tongue             Conj/Fire      #....        96%         1    ##.....
 Throw Flame              Conj/Fire      #.....       99%         2    ###....
 Conjure Flame            Conj/Fire      #.......     100%        3    ####...
 Inner Flame              Hex/Fire       #.......     100%        3    ####...
 Sticky Flame             Conj/Fire      #.......     100%        4    #####..
 Fireball                 Conj/Fire      #.........   100%        5    ######.


Dungeon Overview and Level Annotations

Branches:
Dungeon (8/15)             Temple (0/1) D:5
   Lair: D:8-11

Altars:
Ashenzari
Cheibriados
Gozag
Hepliaklqana
Nemelex Xobeh
Okawaru
Trog

Annotations:
D:5 Edmund


Innate Abilities, Weirdness & Mutations

You are resistant to torment.
Your stone body is resilient. (AC +5)
You are immune to poison.
You resist negative energy. (rN+)
You are resistant to electric shocks. (rElec)
You can survive without breathing.
You are immune to petrification.
You are immune to rotting.


Message History

A giant cockroach comes into view.
A hound skeleton comes into view.
You block the hound's attack.
The giant cockroach moves out of view.
You hit the hound.
You kill the hound!
Okawaru accepts your kill. You block the hound skeleton's attack.
You slash the hound skeleton! The hound skeleton closely misses you.
You hit the hound skeleton. You block the hound skeleton's attack.
The hound skeleton bites you but does no damage.
You hit the hound skeleton.
You destroy the hound skeleton!
Okawaru accepts your kill.
You slash the giant cockroach!
You kill the giant cockroach!
Okawaru accepts your kill.
There is an open door, spattered with blood here.
Things that are here:
a giant cockroach corpse; a hound corpse You butcher the giant cockroach corpse.
z - 4 chunks of flesh (gained 1)
There is an open door, spattered with blood here.
You see here a hound corpse.
You butcher the hound corpse.
z - 7 chunks of flesh (gained 3)
There is an open door, spattered with blood here.
You see here a hound skeleton.
Found a stone staircase leading down.
Your magical contamination has completely faded away.
You now have 238 gold pieces (gained 16).
There is a stone staircase leading down here.
A bullfrog zombie comes into view.
A centaur comes into view. It is carrying a wand of acid (10).
The centaur shouts!
You hear a screech!
The centaur wields a +0 shortbow.
The centaur shoots an arrow.
You block the arrow.
An ice beast comes into view.
You see here an arrow.
A sky beast comes into view.
The centaur zaps a wand.
The bolt of acid hits you!
You are splashed with acid!
The centaur zaps a wand.
The bolt of acid hits you!
* * * LOW HITPOINT WARNING * * *
The acid corrodes you!
You are splashed with acid!
* * * LOW HITPOINT WARNING * * *
You block the bullfrog zombie's attack.
You feel better.
The centaur zaps a wand.
The bolt of acid hits you!
You die...

##.#.######## #.....#
#>.......##########.....#
########..#..........####
##.#....... #.#.......
#.#....... #.......Y.
##(....... #@Z......
#........ #........
#........ .c.......
.Y....... .........
..........


You could see an ice beast, a sky beast, a centaur and a bullfrog zombie.

Vanquished Creatures
  An ice beast (D:5)
  A phantom (D:6)
  An ogre (D:5)
  A centaur (D:7)
  A bullfrog (D:6)
  2 scorpions (D:5)
  3 crimson imps
  2 hounds
  A jelly (D:7)
  An orc wizard (D:6)
  2 centaur skeletons
  Jessica (D:3)
  2 iguanas
  Natasha (thrice) (D:3)
  5 worker ants
  2 hound skeletons
  9 adders
  2 shadow imps
  2 adder skeletons
  3 worms
  A dart slug (D:1)
  6 leopard geckos
  14 orcs
  9 bats
  5 giant cockroaches
  4 hobgoblins
  11 jackals
  6 kobolds
  3 quokkas
  A ball python (D:3)
  3 frilled lizards
  7 goblins
  A jackal zombie (D:5)
  A leopard gecko zombie (D:5)
  A quokka skeleton (D:4)
  9 rats
127 creatures vanquished.

Notes
Turn   | Place    | Note
-------+----------+-------------------------------------------
     0 | D:1      | Acheron the Gargoyle Fighter began the quest for the Orb.
     0 | D:1      | Reached XP level 1. HP: 14/14 MP: 1/1
   148 | D:1      | Reached XP level 2. HP: 19/19 MP: 2/2
   372 | D:2      | Found a shattered altar of Ashenzari.
   397 | D:2      | Reached XP level 3. HP: 23/23 MP: 3/3
   491 | D:2      | Found a snail-covered altar of Cheibriados.
   643 | D:2      | Reached skill level 1 in Stealth
   923 | D:2      | Found a hazy altar of Hepliaklqana.
   924 | D:2      | Found a sparkling altar of Nemelex Xobeh.
  1252 | D:3      | Reached XP level 4. HP: 24/29 MP: 5/5
  1398 | D:3      | Reached skill level 1 in Throwing
  1523 | D:3      | Noticed Natasha
  1532 | D:3      | Killed Natasha
  1532 | D:3      | Reached skill level 4 in Fighting
  1532 | D:3      | Reached skill level 1 in Dodging
  1532 | D:3      | Reached skill level 1 in Spellcasting
  1577 | D:3      | Noticed Natasha
  1588 | D:3      | Killed Natasha
  1588 | D:3      | Reached XP level 5. HP: 33/33 MP: 6/6
  1845 | D:3      | Noticed Natasha
  1856 | D:3      | Killed Natasha
  1887 | D:3      | Noticed Jessica
  1893 | D:3      | Found an iron altar of Okawaru.
  1893 | D:3      | Found a bloodstained altar of Trog.
  1900 | D:3      | Killed Jessica
  1909 | D:3      | Became a worshipper of Warmaster Okawaru
  2205 | D:4      | Reached XP level 6. HP: 33/39 MP: 8/8
  2333 | D:5      | Entered Level 5 of the Dungeon
  2386 | D:5      | Noticed Edmund
  2815 | D:5      | Noticed an ice beast
  2834 | D:5      | Killed an ice beast
  2834 | D:5      | Reached skill level 5 in Fighting
  2834 | D:5      | Reached XP level 7. HP: 32/44 MP: 9/9
  2855 | D:5      | Reached * piety under Okawaru
  3312 | D:5      | Reached XP level 8. HP: 50/50 MP: 11/11
  3324 | D:5      | Found a staircase to the Ecumenical Temple.
  3465 | D:5      | Found an opulent altar of Gozag.
  3727 | D:7      | Reached skill level 6 in Fighting
  3847 | D:7      | Reached ** piety under Okawaru
  4119 | D:8      | Killed from afar by a centaur

Levels and vault maps discovered:
D:1:      matt_arrival_diagonals, layout_rooms, minivault_11
D:2:      layout_basic, ashenzari_altar_1, grunt_temple_overflow_open,
          roderic_serpentine_path, cheibriados_altar_1
D:3:      layout_loops_ring, gammafunk_temple_overflow_elements, uniq_jessica,
          uniq_natasha
D:4:      layout_rooms, kennysheep_generic_room_14
D:5:      layout_basic, grunt_gozag_breadcrumbs, minmay_temple_entry_tees,
          first_ration, uniq_edmund
D:6:      layout_rooms
D:7:      layout_layer_cave, grunt_qazlal_clouds, uniq_joseph
D:8:      layout_basic, kennysheep_little_box, makhleb_grotto_becter

Skill      XL: |  1  2  3  4  5  6  7  8 |
---------------+-------------------------+-----
Axes           | 2 3 |  3.4
Stealth        | 1 2 3 |  3.6
Throwing       | 1 2 |  2.7
Fighting       | 4 5 6 |  6.2
Dodging        | 1 2 |  2.5
Spellcasting   | 1 2 |  2.7
Shields        | 4 |  4.9
Armour         | 4 |  4.9
Invocations    | |  0.1
Evocations     | |  0.1

Action                   |  1- 3 |  4- 6 |  7- 9 || total
-------------------------+-------+-------+-------++-------
Melee: War axe           |   122 |   185 |   164 ||   471
Throw: Boomerang         |       |       |     4 ||     4
  Use: Scroll            |     1 |    12 |     2 ||    15
       Potion            |       |       |     1 ||     1
  Eat: Chunk             |     1 |       |       ||     1
       Ration            |       |     2 |     1 ||     3
Armor: Scale mail        |    87 |    92 |    97 ||   276
Dodge: Dodged            |    35 |    59 |    65 ||   159
Block: Shield            |    73 |   103 |   104 ||   280

Table legend:
 A = Non-vault XP
 B = Vault XP
 C = Vault XP percentage of total XP
 D = Non-vault monster count
 E = Vault monster count
 F = Vault count percentage of total count
                 A         B        C        D         E       F
            +---------+---------+-------+---------+---------+-------
      Total |    1796 |      74 |   4.0 |     124 |       3 |   2.4
            +---------+---------+-------+---------+---------+-------
        D:1 |      29 |       0 |   0.0 |      15 |       0 |   0.0
        D:2 |      40 |       0 |   0.0 |      17 |       0 |   0.0
        D:3 |     177 |      72 |  28.9 |      31 |       2 |   6.1
        D:4 |     153 |       2 |   1.3 |       8 |       1 |  11.1
        D:5 |     696 |       0 |   0.0 |      21 |       0 |   0.0
        D:6 |     320 |       0 |   0.0 |      10 |       0 |   0.0
        D:7 |     260 |       0 |   0.0 |      13 |       0 |   0.0
        D:8 |     121 |       0 |   0.0 |       9 |       0 |   0.0
            +---------+---------+-------+---------+---------+-------
